 Dungeon Crawl Stone Soup version 0.32-a0-841-g4648e6c457 (webtiles) character file.

Game seed: 11858858136891003696

91744 shadizar the Eclecticist (level 16, 0/112 HPs)
             Began as a Djinni Conjurer on Mar 26, 2024.
             Was the Champion of Makhleb.
             Slain by a demonic crawler (1 damage)
             ... on level 1 of the Spider Nest.
             The game lasted 00:54:22 (27330 turns).

shadizar the Eclecticist (Djinni Conjurer)         Turns: 27330, Time: 00:54:23

Health: 0/112      AC: 22    Str:  6    XL:     16   Next: 51%
Gold:   2130       EV: 21    Int: 26    God:    Makhleb [******] SH: 12 Dex: 18

rFire   + + .        J - staff of conjuration
rCold   + . .        w - +0 kite shield
rNeg    . . .        E - +2 ice dragon scales
rPois   ∞            B - +0 helmet of the Invisible Invaders {Will++}
rElec   .            s - +1 cloak {Will+}
rCorr   +            o - +1 pair of gloves
SInv    .            (boots unavailable)
Will    +++++        y - dreamdust necklace {Acrobat}
Stlth   ++           r - ring "Myqio" {rF+ Will+ rCorr Dex+4 Stlth+}
HPRegen 0.38/turn    (no ring)
MPRegen 0.00/turn

%: acrobat, infuse magic (-1 HP)
@: acrobatic, flying
A: sickness immunity, fire resistance 2, cold vulnerability 1, float, innate
caster, HP casting, extra vitality 1
a: Renounce Religion, Minor Destruction, Lesser Servant of Makhleb, Major
Destruction, Greater Servant of Makhleb


You were on level 1 of the Spider Nest.
You worshipped Makhleb.
Makhleb was exalted by your worship.
You visited 5 branches of the dungeon, and saw 22 of its levels.
You also visited: Sewer, Ossuary, Bailey, Gauntlet and Ice Cave.

You collected 2614 gold pieces.
You spent 484 gold pieces at shops.

Inventory:

Armour
 b - a +2 cloak
 o - a +1 pair of gloves (worn)
 s - a +1 cloak of willpower (worn)
 t - a +2 robe of cold resistance
 w - a +0 kite shield (worn)
 B - the +0 helmet of the Invisible Invaders (worn) {Will++}
   (You bought it in a shop on level 2 of the Orcish Mines)

   Will++:    It greatly increases your willpower.
 C - +0 steam dragon scales
 E - +2 ice dragon scales (worn)
 I - the +4 Cigotuvi's embrace {Corpsefed rMiasma ^Drain rN+}
   (You found it in a Gauntlet)

   Corpsefed: It gathers nearby corpses to temporarily increase the armour it
   provides.
   rMiasma:   It protects you from foul pestilence.
   rN+:       It protects you from negative energy.
   ^Drain:    It drains your maximum health when unequipped.
 K - the +0 hat of the Game of Kings {rElec rC- Str+3 SInv}
   (You found it in a Gauntlet)

   Str+3:     It affects your strength (+3).
   rC-:       It makes you vulnerable to cold.
   rElec:     It insulates you from electricity.
   SInv:      It lets you see invisible.
 T - a +3 leather armour of resistance
Magical Staves
 J - a staff of conjuration (weapon)
 U - a staff of cold
Jewellery
 a - the ring of the Lich-sworn {rC- rN+ Str+2 Dex+4}
   (You bought it in a shop on level 6 of the Dungeon)

   [ring of positive energy]

   Str+2:     It affects your strength (+2).
   Dex+4:     It affects your dexterity (+4).
   rC-:       It makes you vulnerable to cold.
   rN+:       It protects you from negative energy.
 n - a ring of protection from fire
 r - the ring "Myqio" (left hand) {rF+ Will+ rCorr Dex+4 Stlth+}
   (You found it on level 11 of the Dungeon)

   [ring of willpower]

   Dex+4:     It affects your dexterity (+4).
   rF+:       It protects you from fire.
   Will+:     It increases your willpower.
   rCorr:     It protects you from acid and corrosion.
   Stlth+:    It makes you more stealthy.
 y - the dreamdust necklace (around neck) {Acrobat}
   (You found it on level 1 of the Lair of Beasts)

   [amulet of the acrobat]

   Acrobat:   It increases your evasion while moving and waiting.
 A - a ring of ice
 F - the ring of Mirth {Ice rElec Will+++ Int-4 Dex-2}
   (You found it on level 1 of the Lair of Beasts)

   [ring of ice]

   Ice:       It enhances your ice magic.
   Int-4:     It affects your intelligence (-4).
   Dex-2:     It affects your dexterity (-2).
   rF-:       It makes you vulnerable to fire.
   rC+:       It protects you from cold.
   rElec:     It insulates you from electricity.
   Will+++:   It greatly increases your willpower.
 V - the ring of the Lobster {rC- rN+ rCorr Dex+8}
   (You found it in an ice cave)

   [ring of positive energy]

   Dex+8:     It affects your dexterity (+8).
   rC-:       It makes you vulnerable to cold.
   rN+:       It protects you from negative energy.
   rCorr:     It protects you from acid and corrosion.
Wands
 l - a wand of flame (51)
 q - a wand of paralysis (18)
 G - a wand of acid (16)
 M - a wand of digging (7)
 N - a wand of polymorph (3)
Scrolls
 c - 3 scrolls of enchant weapon
 d - 10 scrolls of identify
 e - 4 scrolls of enchant armour
 m - 6 scrolls of teleportation
 p - a scroll of revelation
 x - 2 scrolls of fog
 z - 5 scrolls of silence
 D - a scroll of summoning
Potions
 f - 3 potions of haste
 h - 9 potions of enlightenment
 i - 10 potions of curing
 j - 5 potions of brilliance
 k - a potion of lignification
 u - 3 potions of might
 v - a potion of cancellation
 H - 2 potions of ambrosia {unknown}
 L - 2 potions of berserk rage
 Q - 2 potions of attraction
 R - a potion of invisibility {unknown}


   Skills:
 + Level 9.3 Fighting
 + Level 12.1 Armour
 + Level 9.0 Dodging
 - Level 4.0 Stealth
 + Level 11.6 Shields
 * Level 15.5 Spellcasting
 * Level 15.5 Conjurations
 * Level 15.5 Hexes
   Level 0.0 Charms
 * Level 15.5 Summonings
 * Level 15.5 Necromancy
 * Level 15.5 Translocations
   Level 0.0 Transmutations
 * Level 15.5 Fire Magic
 * Level 15.5 Ice Magic
 * Level 15.5 Air Magic
 * Level 15.5 Earth Magic
 * Level 15.5 Alchemy


You knew the following spells:

 Your Spells              Type           Power      Damage    Failure   Level
a - Magic Dart            Conj           100%       1d8       1%          1
b - Searing Ray           Conj           100%       2d8       1%          2
c - Fulminant Prism       Conj/Alch      50%        3d22      2%          4
d - Iskenderun's Mystic   Conj/Tloc      100%       2d19      2%          4
e - Summon Small Mammal   Summ           100%       N/A       1%          1
f - Jinxbite              Hex            100%       N/A       1%          2
g - Teleport Other        Tloc           79%        N/A       1%          3
h - Dimensional Bullseye  Hex/Tloc       39%        N/A       2%          4
i - Olgreb's Toxic Radia  Alch           79%        N/A       2%          4
j - Summon Forest         Summ/Tloc      39%        N/A       6%          5
k - Dispersal             Tloc           39%        N/A       32%         6
Your spell library was empty.

Dungeon Overview and Level Annotations

Branches:
Dungeon (13/15)            Temple (1/1) D:6            Lair (5/5) D:10
  Swamp (0/4) Lair:3       Spider (1/4) Lair:3        Slime (0/5) Lair:4
    Orc (2/2) D:9             Elf (0/3) Orc:2         Sewer (visited)
Ossuary (visited)          Bailey (visited)           IceCv (visited)
Gauntlet (visited)
 Vaults: D:13-14

Altars:
Ashenzari
Cheibriados
Dithmenos
Elyvilon
Fedhas
Gozag
Hepliaklqana
Makhleb
Nemelex Xobeh
Okawaru
Qazlal
Ru
Trog
Uskayaw
Wu Jian
Xom
Yredelemnul
Zin
The Shining One
Beogh
Jiyva

Shops:
D:3 [   D:6 *   D:9 (**   Orc:1 :   Orc:2 [[([

Annotations:
Lair:3 1 runed translucent door, Rupert


Innate Abilities, Weirdness & Mutations

You are immune to sickness and miasma.
You are immune to poison.
Your flesh is very heat resistant. (rF++)
You are vulnerable to cold. (rC-)
You float through the air rather than walking.
You learn spells naturally, not from books.
Your magical power is your life essence.
You have superior vitality. (+4 MHP)


Message History

The demonic crawler is heavily wounded.
The demonic crawler is knocked back by the mystic blast.
The demonic crawler collides with the demonic crawler!
The demonic crawler is heavily wounded.
The demonic crawler is severely wounded.
* * * LOW HITPOINT WARNING * * *
You block the demonic crawler's attack. The demonic crawler hits you.
* * * LOW HITPOINT WARNING * * *
The demonic crawler hits you!
* * * LOW HITPOINT WARNING * * *
Unknown command.
Unknown command.
Unknown command.
Unknown command.
Unknown command.
Unknown command.
Unknown command.
Unknown command.
Unknown command.
Unknown command.
Unknown command.
You feel much better. The demonic crawler hits you.
* * * LOW HITPOINT WARNING * * *
The demonic crawler hits you!!
* * * LOW HITPOINT WARNING * * *
The demonic crawler hits you!
Your necklace shatters, unleashing a wave of protective dreams!
You dream of life, friendship, and clouds.
The demonic crawler hits you but does no damage. x2
The demonic crawler barely misses you.
Unknown command.
Unknown command.
Unknown command.
Unknown command.
Unknown command.
The demonic crawler attacks as it pursues you!
The demonic crawler closely misses you.
The demonic crawler completely misses you.
You block the demonic crawler's attack. The demonic crawler hits you.
You die...

## .#. ..
.~#... .#...
#.... .#..#
..#.# #...#
#§§§####....#
##Bs#.$...#
≈~##.§@##s.#
#≈..syss§.##
##.#####s..#
# #....###
###...†####
#..<#...#.#
#...##..†.##
##.###.#...#
## ####.##


You could see 2 demonic crawlers, a friendly sun moth (summoned), a friendly
demonic crawler (summoned), a friendly pharaoh ant (summoned) and a friendly
jumping spider (summoned).

Vanquished Creatures
  Saint Roka (Orc:2)
  An orc warlord (Orc:2)
  Nessos (Orc:2)
  An eleionoma (Lair:3)
  A minotaur (Gauntlet)
  Snorg (D:13)
  A fire dragon (Lair:5)
  Josephine (Orc:2)
  Harold (Lair:1)
  5 hydras
  2 catoblepae (Lair:5)
  6 two-headed ogres
  Erolcha (D:13)
  2 centaur warriors (D:13)
  A boulder beetle (D:12)
  A tengu warrior (Gauntlet)
  Urug (D:11)
  A hell hog (Gauntlet)
  2 orc high priests (Orc:2)
  Sonja (Lair:5)
  2 pharaoh ants (Spider:1)
  2 orb spiders (Spider:1)
  A skyshark (Lair:5)
  Lodul (D:13)
  A deep troll (Lair:1)
  3 lindwurms (Lair:5)
  2 necromancers
  5 orc knights (Orc:2)
  2 deep elf pyromancers (D:12)
  A moth of wrath (Spider:1)
  3 orc sorcerers (Orc:2)
  Maurice (D:8)
  A manticore (D:13)
  5 kobold blastminers
  13 elephants
  5 black mambas
  An ice statue (IceCv)
  10 cane toads
  2 molten gargoyles (Lair:5)
  A gargoyle (D:13)
  12 komodo dragons
  4 rime drakes
  A freezing wraith (IceCv)
  11 ice devils (IceCv)
  2 unseen horrors (D:11)
  Psyche (D:8)
  4 tengu conjurers
  A queen bee (Gauntlet)
  5 anaconda simulacra (IceCv)
  3 polar bears
  5 trolls
  3 tarantellas (Spider:1)
  2 hornets (D:8)
  Grinder (D:3)
  A raiju (Gauntlet)
  16 blink frogs
  4 slime creatures (D:12)
  A jumping spider (Spider:1)
  A culicivora (Spider:1)
  2 dire elephant simulacra (IceCv)
  A shadow (D:10)
  5 wraiths
  3 fire bats (Gauntlet)
  6 wyverns
  6 basilisks
  7 steam dragons
  46 yaks
  A human (Lair:3)
  2 wargs (Orc:2)
  7 death yak simulacra (IceCv)
  4 vampire mosquitoes (D:13)
  4 redbacks
  3 harpy simulacra (IceCv)
  An acid dragon (D:11)
  A hydra simulacrum (IceCv)
  7 hell hounds
  18 water moccasins
  2 sky beasts (D:6)
  51 orc warriors
  2 black bears
  17 ogres
  8 centaurs
  2 kobold brigands
  4 scorpions
  14 bullfrogs
  A gnoll sergeant (D:5)
  2 two-headed ogre simulacra (IceCv)
  5 water moccasin zombies (Ossuary)
  5 cane toad simulacra (IceCv)
  4 wights (D:9)
  A burial acolyte (Ossuary)
  3 elephant simulacra (IceCv)
  21 killer bees
  7 howler monkeys
  4 electric eels (D:11)
  A bombardier beetle (D:7)
  5 lava snakes (Lair:5)
  A hound (D:5)
  2 gnoll boudas
  7 jellies
  25 orc priests
  An iguana (D:5)
  A sleepcap (D:6)
  Terence (D:3)
  An iguana (shapeshifter) (D:7)
  28 orc wizards
  3 scorpion zombies (D:7)
  4 hell rats (Lair:3)
  6 polar bear simulacra
  A spriggan simulacrum (IceCv)
  A troll simulacrum (IceCv)
  A yak simulacrum (Lair:2)
  6 wolf simulacra
  3 crocodile zombies (Ossuary)
  2 mummies (Ossuary)
  Robin (D:3)
  18 gnolls
  3 howler monkey skeletons (D:7)
  4 adders
  A naga simulacrum (IceCv)
  2 river rats
  A shadow imp (D:7)
  A white imp (D:7)
  3 ufetubi
  4 adder zombies (Ossuary)
  6 dart slugs
  7 ribbon worms
  115 orcs
  6 endoplasms
  3 giant cockroaches
  9 gnoll zombies (Ossuary)
  22 goblins
  14 hobgoblins
  9 jackals
  17 kobolds
  6 quokkas
  6 ball pythons
  6 bats
  3 frilled lizards
  A jackal zombie (Ossuary)
  5 orc zombies (Ossuary)
  10 rats
  3 river rat simulacra (Lair:2)
835 creatures vanquished.

Vanquished Creatures (others)
  69 fulminant prisms
69 creatures vanquished.

Grand Total: 904 creatures vanquished

Notes
Turn   | Place    | Note
-------+----------+-------------------------------------------
     0 | D:1      | shadizar the Djinni Conjurer began the quest for the Orb.
     0 | D:1      | shadizar set off with the following spells memorised: Magic
                  | Dart, Searing Ray, Fulminant Prism, Iskenderun's Mystic
                  | Blast.
     0 | D:1      | Reached XP level 1. HP: 15/15 MP: 0/0
    74 | D:1      | Reached XP level 2. HP: 19/21 MP: 0/0
   288 | D:1      | Found a faded altar of an unknown god.
   488 | D:2      | Reached XP level 3. HP: 19/25 MP: 0/0
   488 | D:2      | Learned a level 1 spell: Summon Small Mammal
   928 | D:2      | Reached XP level 4. HP: 15/31 MP: 0/0
  1661 | D:3      | Noticed Robin
  1672 | D:3      | Reached XP level 5. HP: 31/35 MP: 0/0
  1672 | D:3      | Learned a level 2 spell: Jinxbite
  1679 | D:2      | Reached skill level 5 in Spellcasting
  1679 | D:2      | Reached skill level 5 in Conjurations
  1679 | D:2      | Reached skill level 5 in Hexes
  1679 | D:2      | Reached skill level 5 in Summonings
  1679 | D:2      | Reached skill level 5 in Necromancy
  1679 | D:2      | Reached skill level 5 in Translocations
  1679 | D:2      | Reached skill level 5 in Fire Magic
  1679 | D:2      | Reached skill level 5 in Ice Magic
  1679 | D:2      | Reached skill level 5 in Air Magic
  1679 | D:2      | Reached skill level 5 in Earth Magic
  1679 | D:2      | Reached skill level 5 in Alchemy
  1847 | D:3      | Killed Robin
  1867 | D:3      | Noticed Terence
  1875 | D:3      | Killed Terence
  1969 | D:3      | Found a glowing drain.
  1980 | Sewer    | Entered a sewer
  2092 | Sewer    | Noticed a kobold brigand
  2107 | Sewer    | Killed a kobold brigand
  2108 | Sewer    | Reached XP level 6. HP: 23/40 MP: 0/0
  2187 | Sewer    | Found a white marble altar of Elyvilon.
  2715 | D:3      | Noticed Grinder
  2725 | D:3      | Killed Grinder
  2726 | D:3      | Reached XP level 7. HP: 28/45 MP: 0/0
  2726 | D:3      | Learned a level 3 spell: Teleport Other
  2945 | D:3      | Found Evemni's Armour Emporium.
  3258 | D:3      | Found a bloodstained altar of Trog.
  3263 | D:3      | Found an ornate altar of the Wu Jian Council.
  3264 | D:3      | Found a white marble altar of Elyvilon.
  3265 | D:3      | Found a stormy altar of Qazlal.
  3527 | D:3      | Bought a +0 pair of gloves for 45 gold pieces
  3882 | D:4      | Found a burning altar of Makhleb.
  4488 | D:5      | Entered Level 5 of the Dungeon
  4497 | D:5      | Reached XP level 8. HP: 33/51 MP: 0/0
  4617 | D:5      | Reached skill level 1 in Fighting
  4617 | D:5      | Reached skill level 1 in Armour
  5115 | D:5      | Reached XP level 9. HP: 11/58 MP: 0/0
  5115 | D:5      | Learned a level 4 spell: Dimensional Bullseye
  5763 | D:6      | Found Baoqum's Assorted Antiques.
  5784 | D:6      | Found a staircase to the Ecumenical Temple.
  5876 | Temple   | Entered the Ecumenical Temple
  5932 | D:4      | Became a worshipper of Makhleb the Destroyer
  6046 | D:7      | Reached skill level 1 in Shields
  6326 | D:7      | Found a sand-covered staircase.
  6396 | Ossuary  | Entered an ossuary
  6599 | Ossuary  | Reached * piety under Makhleb
  7063 | D:7      | Reached ** piety under Makhleb
  7171 | D:7      | Found a faded altar of an unknown god.
  7171 | D:7      | Found the Hermit's Pendant {Faith Invo=14 Evo=0 MP+5}
  7313 | D:7      | Reached XP level 10. HP: 54/67 MP: 0/0
  7709 | D:8      | Reached skill level 5 in Shields
  7932 | D:8      | Noticed Psyche
  7942 | D:8      | Killed Psyche
  7968 | D:8      | Noticed Maurice
  7981 | D:8      | Killed Maurice
  8482 | D:9      | Found a staircase to the Orcish Mines.
  8817 | D:9      | Found a flagged portal.
  8821 | D:9      | Reached XP level 11. HP: 67/73 MP: 0/0
  8821 | D:9      | Learned a level 4 spell: Olgreb's Toxic Radiance
  8821 | D:9      | Reached *** piety under Makhleb
  8832 | Bailey   | Entered a bailey
  9853 | D:9      | Reached skill level 10 in Shields
  9879 | D:9      | Found Qeacvoij's General Store.
  9881 | D:9      | Found Numolog's Specific Store.
 10011 | D:9      | Found Vaeteux's Weapon Emporium.
 10186 | D:9      | Found a roughly hewn altar of Beogh.
 10189 | D:9      | Reached **** piety under Makhleb
 10679 | D:6      | Bought a steaming brass ring for 135 gold pieces
 10679 | D:6      | Identified the ring of the Lich-sworn {rC- rN+ Str+2 Dex+4}
                  | (You bought it in a shop on level 6 of the Dungeon)
 10817 | D:10     | Entered Level 10 of the Dungeon
 10999 | D:10     | Noticed a two-headed ogre
 11017 | D:10     | Killed a two-headed ogre
 11342 | D:10     | Found a staircase to the Lair.
 11389 | D:10     | You are sucked into a shaft and drop 3 floors!
 11394 | D:12     | Noticed a boulder beetle
 11400 | D:12     | Noticed a deep elf pyromancer
 11438 | D:12     | Reached skill level 10 in Spellcasting
 11438 | D:12     | Reached skill level 10 in Conjurations
 11438 | D:12     | Reached skill level 10 in Hexes
 11438 | D:12     | Reached skill level 10 in Summonings
 11438 | D:12     | Reached skill level 10 in Necromancy
 11438 | D:12     | Reached skill level 10 in Translocations
 11438 | D:12     | Reached skill level 10 in Fire Magic
 11438 | D:12     | Reached skill level 10 in Ice Magic
 11438 | D:12     | Reached skill level 10 in Air Magic
 11438 | D:12     | Reached skill level 10 in Earth Magic
 11438 | D:12     | Reached skill level 10 in Alchemy
 11611 | D:12     | Noticed a two-headed ogre
 11668 | D:11     | Identified the ring "Myqio" {rF+ Will+ rCorr Dex+4 Stlth+}
 12526 | Lair:1   | Entered Level 1 of the Lair of Beasts
 12526 | Lair:1   | Noticed Harold
 12534 | Lair:1   | Killed Harold
 12535 | Lair:1   | Reached XP level 12. HP: 64/78 MP: 0/0
 12603 | Lair:1   | Noticed an eight-headed hydra
 12613 | Lair:1   | Killed an eight-headed hydra
 12953 | Lair:1   | Found the dreamshard necklace {Acrobat *Dream}
 13052 | Lair:1   | You are sucked into a shaft and drop 1 floor!
 13152 | Lair:2   | Found a gate leading to a gauntlet.
 13173 | Gauntlet | Entered a Gauntlet
 13173 | Gauntlet | Found a transporter.
 13177 | Gauntlet | Noticed a tengu warrior
 13300 | Gauntlet | Found a transporter.
 13300 | Gauntlet | Found a transporter.
 13319 | Gauntlet | Found a transporter.
 13323 | Gauntlet | Found a runed translucent door.
 13323 | Gauntlet | Found a runed translucent door.
 13327 | Gauntlet | Found a transporter.
 13331 | Gauntlet | Found a transporter.
 13339 | Gauntlet | Found a transporter.
 13343 | Gauntlet | Found a transporter.
 13346 | Gauntlet | Noticed a hell hog
 13351 | Gauntlet | Found a transporter.
 13355 | Gauntlet | Found a transporter.
 13367 | Gauntlet | Found a transporter.
 13373 | Gauntlet | Found a runed translucent door.
 13388 | Gauntlet | Found a transporter.
 13400 | Gauntlet | Found a transporter.
 13412 | Gauntlet | Found a transporter.
 13463 | Gauntlet | Killed a tengu warrior
 13464 | Gauntlet | Reached skill level 5 in Fighting
 13464 | Gauntlet | Reached skill level 5 in Dodging
 13651 | Gauntlet | Killed a hell hog
 13653 | Gauntlet | Reached XP level 13. HP: 69/86 MP: 0/0
 13653 | Gauntlet | Learned a level 5 spell: Summon Forest
 13734 | Gauntlet | Found the +4 Cigotuvi's embrace {Corpsefed rMiasma ^Drain
                  | rN+}
 13734 | Gauntlet | Noticed a minotaur
 13746 | Gauntlet | Killed a minotaur
 13932 | Gauntlet | Identified the +0 hat of the Game of Kings {rElec rC- Str+3
                  | SInv}
 14285 | Lair:2   | Reached ***** piety under Makhleb
 14487 | Lair:2   | Reached skill level 5 in Armour
 15258 | Lair:1   | Identified the ring of Mirth {Ice rElec Will+++ Int-4
                  | Dex-2}
 15561 | Lair:3   | Noticed an eight-headed hydra
 15566 | Lair:3   | Killed an eight-headed hydra
 15917 | Lair:3   | Noticed a six-headed hydra
 15940 | Lair:3   | Killed a six-headed hydra
 16164 | Lair:3   | Found a hole to the Spider Nest.
 16338 | Lair:3   | Noticed an eight-headed hydra
 16346 | Lair:3   | Killed an eight-headed hydra
 16363 | Lair:3   | Noticed an eleionoma
 16372 | Lair:3   | Killed an eleionoma
 16442 | Lair:3   | Found a staircase to the Swamp.
 17070 | Lair:3   | Found a runed translucent door.
 17075 | Lair:3   | Identified the ring "Oqaeh" {*Slow rPois rF+ Int+5 Dex+6}
 17075 | Lair:3   | Noticed Rupert
 17433 | Lair:4   | Found a viscous altar of Jiyva.
 17489 | Lair:4   | Found a staircase to the Slime Pits.
 17583 | Lair:4   | Reached XP level 14. HP: 79/94 MP: 0/0
 18187 | Lair:5   | Entered Level 5 of the Lair of Beasts
 18697 | Lair:5   | Found a large runed translucent door.
 18698 | Lair:5   | Found a large runed translucent door.
 18916 | Lair:5   | Noticed Sonja
 18980 | Lair:5   | Reached skill level 10 in Armour
 19022 | Lair:5   | Killed Sonja
 19276 | Lair:5   | Reached ****** piety under Makhleb
 20060 | D:11     | Noticed Urug
 20064 | D:11     | Killed Urug
 20358 | D:11     | Reached XP level 15. HP: 91/103 MP: 0/0
 20358 | D:11     | Learned a level 6 spell: Dispersal
 21998 | Orc:1    | Entered Level 1 of the Orcish Mines
 22715 | Orc:2    | Entered Level 2 of the Orcish Mines
 22810 | Orc:2    | Noticed Josephine
 22811 | Orc:2    | Noticed Nessos
 22824 | Orc:2    | HP: 4/103 [Nessos/arrow (3)]
 22825 | Orc:2    | Killed Nessos
 22828 | Orc:2    | Killed Josephine
 23029 | Orc:2    | Found a frozen archway.
 23053 | IceCv    | Entered an ice cave
 23268 | IceCv    | Identified the +0 pair of gloves "Loasch" {Rampage}
 23435 | IceCv    | Reached skill level 15 in Spellcasting
 23435 | IceCv    | Reached skill level 15 in Conjurations
 23435 | IceCv    | Reached skill level 15 in Hexes
 23435 | IceCv    | Reached skill level 15 in Summonings
 23435 | IceCv    | Reached skill level 15 in Necromancy
 23435 | IceCv    | Reached skill level 15 in Translocations
 23435 | IceCv    | Reached skill level 15 in Fire Magic
 23435 | IceCv    | Reached skill level 15 in Ice Magic
 23435 | IceCv    | Reached skill level 15 in Air Magic
 23435 | IceCv    | Reached skill level 15 in Earth Magic
 23435 | IceCv    | Reached skill level 15 in Alchemy
 23507 | IceCv    | Identified the ring of the Lobster {rC- rN+ rCorr Dex+8}
 24016 | Orc:2    | Found a roughly hewn altar of Beogh.
 24093 | Orc:2    | Noticed Saint Roka
 24291 | Orc:2    | Killed Saint Roka
 24508 | Orc:2    | Noticed an orc warlord
 24514 | Orc:2    | Reached XP level 16. HP: 101/110 MP: 0/0
 24746 | Orc:2    | Found a roughly hewn altar of Beogh.
 24756 | Orc:2    | Found Ygaettam's Antique Armour Boutique.
 24818 | Orc:2    | Bought a translucent helmet for 304 gold pieces
 24818 | Orc:2    | Identified the +0 helmet of the Invisible Invaders {Will++}
                  | (You bought it in a shop on level 2 of the Orcish Mines)
 24969 | Orc:2    | Found a staircase to the Elven Halls.
 25087 | Orc:2    | Found a roughly hewn altar of Beogh.
 25088 | Orc:2    | Found Ycaliw's Antique Armour Emporium.
 25216 | Orc:2    | Found Apiam's Antique Armour Emporium.
 25217 | Orc:2    | Found a roughly hewn altar of Beogh.
 25223 | Orc:2    | Found Hepsob's Antique Weapon Shoppe.
 25507 | Orc:1    | Found Lionk's Book Shop.
 25848 | D:13     | Noticed Snorg
 25865 | D:13     | Killed Snorg
 26475 | D:13     | Identified the +0 ring mail of the Forgotten Lovers {rElec}
 26546 | D:13     | Noticed Lodul
 26556 | D:13     | Killed Lodul
 26633 | D:13     | Noticed Erolcha
 26642 | D:13     | Killed Erolcha
 27274 | Spider:1 | Entered Level 1 of the Spider Nest
 27328 | Spider:1 | HP: 3/112 [demonic crawler (9)]
 27329 | Spider:1 | HP: 1/112 [demonic crawler (21)]
 27329 | Spider:1 | Saved by the dreamshard amulet
 27330 | Spider:1 | Slain by a demonic crawler

Illustrated notes

Levels and vault maps discovered:
D:1:      grunt_arrival_lava_bath, layout_rooms,
          ebering_ecumenical_altar_sacrificial
D:2:      minmay_skewed_foursquare, layout_loops_ring
D:3:      minmay_thinvault, layout_basic, mainiacjoe_overflow_alcove_3,
          cheibrodos_sewer_entry_drain, serial_shops, shop,
          nicolae_elevator_lobby_plus, uniq_terence, uniq_grinder, uniq_robin
D:4:      layout_basic, mainiacjoe_overflow_brackets
D:5:      layout_cave_pools
D:6:      layout_loops_ring, minmay_temple_entry_butterflies, serial_shops,
          nicolae_shop_gibbet_a_chance, uniq_jeremiah
D:7:      layout_basic, mainiacjoe_ossuary_entry_find_the_door,
          hellmonk_guarded_unrand_hermit
D:8:      layout_rooms, uniq_psyche, uniq_maurice
D:9:      layout_long_grid, mainiacjoe_overflow_catwalk,
          minmay_orc_entry_temple_large, serial_shops, kennysheep_little_box,
          enter_bailey_3, nicolae_specific_store
D:10:     layout_gridville, lair_entry_dummy, corexii_leaking_fountain
D:11:     layout_loops_ring, minivault_14, uniq_urug
D:12:     layout_basic
D:13:     layout_roguey, uniq_erolcha, uniq_snorg, uniq_lodul
Temple:   nicolae_temple_bog_church
Lair:1:   dreamdust_cave_troll, layout_cave_pods,
          chequers_serial_rivers_micro_a, chequers_serial_rivers_micro_b,
          infiniplex_staircase_pool_2, uniq_harold
Lair:2:   layout_cave_pods, gauntlet_entry_generic, eino_house_with_fridge,
          serial_bayou_shore_b
Lair:3:   layout_regular_city, alex1729_swamp_entry_worm_eleionoma,
          spider_nest_entry_webs, basic_altar, pdpol_lair_cabin_in_the_woods
Lair:4:   layout_regular_city, nicolae_slime_entry_field_trip,
          chequers_serial_rivers_micro_c, cheibrodos_lair_caveside_slide
Lair:5:   cheibrodos_lair_end_hotspot, layout_cave_shapes,
          chequers_serial_rivers_room_b, uniq_sonja
Spider:1: layout_spider_delve
Orc:1:    layout_diamond_mine, serial_shops, shop
Orc:2:    grunt_orc_community_town_hall, layout_caves,
          grunt_orc_community_big_house_1, grunt_orc_community_big_house_2,
          grunt_orc_community_house_2, grunt_orc_community_house_3,
          grunt_orc_community_house_2, grunt_orc_community_house_3,
          portal_ice_cave_rime, minmay_orc_barracks, uniq_nessos, uniq_josephine

Skill      XL: |  1  2  3  4  5  6  7  8  9 10 11 12 13 14 15 16 |
---------------+-------------------------------------------------+-----
Spellcasting   | 4 5 6 7 8 9 11 12 13 15 | 15.5
Conjurations   | 4 5 6 7 8 9 11 12 13 15 | 15.5
Hexes          | 4 5 6 7 8 9 11 12 13 15 | 15.5
Summonings     | 4 5 6 7 8 9 11 12 13 15 | 15.5
Necromancy     | 4 5 6 7 8 9 11 12 13 15 | 15.5
Translocations | 4 5 6 7 8 9 11 12 13 15 | 15.5
Fire Magic     | 4 5 6 7 8 9 11 12 13 15 | 15.5
Ice Magic      | 4 5 6 7 8 9 11 12 13 15 | 15.5
Air Magic      | 4 5 6 7 8 9 11 12 13 15 | 15.5
Earth Magic    | 4 5 6 7 8 9 11 12 13 15 | 15.5
Alchemy        | 4 5 6 7 8 9 11 12 13 15 | 15.5
Fighting       | 2 4 5 6 7 8 9 |  9.3
Armour         | 2 4 9 10 11 12 | 12.1
Stealth        | 2 3 4 |  4.0
Dodging        | 3 4 5 6 7 8 9 |  9.0
Shields        | 2 8 10 11 | 11.6

Action                     |  1- 3 |  4- 6 |  7- 9 | 10-12 | 13-15 | 16-18 || total
---------------------------+-------+-------+-------+-------+-------+-------++-------
  Melee: Unarmed           |       |     1 |     1 |    13 |       |       ||    15
         Staff             |       |       |       |       |     9 |       ||     9
   Cast: Magic Dart        |    68 |   144 |   133 |    81 |   271 |       ||   697
         Searing Ray       |       |    10 |     4 |       |       |       ||    14
         Fulminant Prism   |       |     1 |     1 |    24 |    41 |     2 ||    69
         Iskenderun's Myst |       |     2 |   106 |   219 |   429 |   124 ||   880
         Olgreb's Toxic Ra |       |       |       |     3 |    17 |     5 ||    25
         Summon Forest     |       |       |       |       |     1 |       ||     1
    Use: Scroll            |       |       |     2 |    18 |     5 |       ||    25
         Potion            |       |       |     1 |       |     4 |     2 ||     7
   Stab: Distracted        |       |     1 |       |       |       |       ||     1
 Armour: Robe              |     5 |    32 |     1 |       |       |       ||    38
         Leather armour    |       |       |    27 |     1 |       |       ||    28
         Steam dragon scal |       |       |       |    39 |    82 |       ||   121
         Ice dragon scales |       |       |       |       |    15 |    57 ||    72
  Dodge: Dodged            |    11 |    26 |    21 |    19 |    50 |    34 ||   161
  Block: Kite shield       |       |       |       |    51 |    84 |    52 ||   187

Table legend: (Time is in decaauts)
 A = Elapsed time spent in this place.
 B = Non-inter-level travel time spent in this place.
 C = Inter-level travel time spent in this place.
 D = Time resting spent in this place.
 E = Time spent auto-exploring this place.
 F = Levels seen in this place.
 G = Mean time per level.
                   A        B        C        D        E       F      G
               +--------+--------+--------+--------+--------+-----+--------+
         Total |  27357 |  25961 |   1396 |     29 |  20063 |  27 | 1013.2 |
       Dungeon |  14440 |  13457 |    983 |      0 |  10779 |  13 | 1110.8 |
        Temple |      1 |      0 |      1 |      0 |      0 |   1 |    1.0 |
          Lair |   6814 |   6455 |    359 |      0 |   5265 |   5 | 1362.8 |
   Spider Nest |     55 |     55 |      0 |      0 |      5 |   1 |   55.0 |
  Orcish Mines |   3132 |   3082 |     50 |      0 |   2243 |   2 | 1566.0 |
         Sewer |    260 |    260 |      0 |      0 |    180 |   1 |  260.0 |
       Ossuary |    465 |    465 |      0 |      0 |    395 |   1 |  465.0 |
        Bailey |    835 |    835 |      0 |      0 |    616 |   1 |  835.0 |
      Ice Cave |    565 |    565 |      0 |     29 |    199 |   1 |  565.0 |
      Gauntlet |    784 |    784 |      0 |      0 |    381 |   1 |  784.0 |
               +--------+--------+--------+--------+--------+-----+--------+

Top non-repeatable levels by time:
   Orc:2: 2188 daAuts
  Lair:5: 1630 daAuts
     D:3: 1557 daAuts
  Lair:3: 1539 daAuts
     D:9: 1460 daAuts
    D:10: 1440 daAuts
    D:12: 1405 daAuts
     D:2: 1340 daAuts
  Lair:1: 1302 daAuts
    D:13: 1274 daAuts
  Lair:2: 1230 daAuts
     D:7: 1150 daAuts
     D:4: 1113 daAuts
  Lair:4: 1112 daAuts
     D:5: 1059 daAuts
